 Dungeon Crawl Stone Soup version 0.31-a0-174-g85c54bcb58 (webtiles) character file.

Game seed: 15728684021004276384

213 qw the Shooter (level 5, 0/32 HPs)
             Began as a Gargoyle Hunter on June 15, 2023.
             Slain by a goblin
             ... wielding a +0 club
             ... led by Robin
              (2 damage)
             ... on level 3 of the Dungeon.
             The game lasted 00:00:50 (2031 turns).

qw the Shooter (Gargoyle Hunter)                    Turns: 2031, Time: 00:00:50

Health: 0/32       AC:  7    Str: 14    XL:     5   Next: 90%
Magic:  5/5        EV: 11    Int: 10    God:
Gold:   188        SH:  0    Dex: 15    Spells: 4/4 levels left

rFire   + . .        b - +2 sling of Joyful Slaughter {speed, rF+}
rCold   . . .        (no shield)
rNeg    + . .        c - +0 leather armour
rPois   inf          (no helmet)
rElec   +            (no cloak)
rCorr   .            (no gloves)
SInv    .            (no boots)
Will    .....        (no amulet)
Stlth   ++           (no ring)
HPRegen 0.25/turn    (no ring)
MPRegen 0.09/turn

%: no passive effects
@: no status effects
A: sickness immunity, AC +4, negative energy resistance 1, electricity
resistance, torment resistance 1, petrification resistance
a: no special abilities


You were on level 3 of the Dungeon.
You visited 1 branch of the dungeon, and saw 3 of its levels.

You collected 188 gold pieces.


Innate Abilities, Weirdness & Mutations

You are immune to sickness and miasma.
Your stone body is resilient. (AC +4)
You are immune to poison.
You resist negative energy. (rN+)
You are resistant to electric shocks. (rElec)
You are resistant to unholy torment.
You are immune to petrification.


   Skills:
 + Level 3.2 Fighting
 - Level 6.5 Ranged Weapons
 - Level 1.5 Dodging
 - Level 1.1 Stealth


You had 4 spell levels left.
You didn't know any spells.
Your spell library was empty.

Inventory:

Hand Weapons
 b - the +2 sling of Joyful Slaughter (weapon) {speed, rF+}
   (You found it on level 3 of the Dungeon)

   rF:        It protects you from fire.
 Y - a +0 shortbow
Armour
 c - a +0 leather armour (worn)
Scrolls
 a - 5 scrolls of identify
Potions
 e - a potion of curing

Dungeon Overview and Level Annotations

Branches:
Dungeon (3/15)

Altars:
Sif Muna

Annotations:
D:3 Robin


Message History

The goblin closely misses you. The hobgoblin barely misses you.
You shoot a sling bullet. The sling bullet hits Robin.
Robin is moderately wounded.
Robin hits you with a +0 dagger. The goblin hits you but does no damage.
The hobgoblin hits you.
You shoot a sling bullet. The sling bullet barely misses Robin.
The goblin hits you but does no damage.
Robin points. "Kill!"
Robin barely misses you.
The hobgoblin hits you but does no damage.
You shoot a sling bullet. The sling bullet barely misses Robin.
You shoot a sling bullet. The sling bullet hits Robin.
Robin is moderately wounded.
The goblin hits you with a +0 club. Robin throws the goblin at you!
The hobgoblin barely misses you. The goblin hits you with a +0 dagger.
You shoot a sling bullet. The sling bullet hits Robin.
Robin is heavily wounded.
Robin barely misses you. The goblin barely misses you.
The goblin hits you with a +0 dagger. The hobgoblin barely misses you.
You shoot a sling bullet. The sling bullet hits Robin.
Robin is almost dead.
The goblin hits you with a +0 club. Robin barely misses you.
The goblin hits you with a +0 dagger. The hobgoblin completely misses you.
You shoot a sling bullet.
The sling bullet hits Robin but does no damage.
Robin is almost dead.
The goblin barely misses you. Robin hits you with a +0 dagger.
The goblin hits you but does no damage.
The hobgoblin hits you but does no damage.
You shoot a sling bullet. The sling bullet barely misses Robin.
You shoot a sling bullet. The sling bullet barely misses Robin.
Robin hits you with a +0 dagger. The goblin closely misses you.
The hobgoblin barely misses you. The goblin closely misses you.
You shoot a sling bullet. The sling bullet hits Robin.
Robin is almost dead.
The goblin hits you with a +0 club. Robin barely misses you.
The hobgoblin hits you. The goblin barely misses you.
You shoot a sling bullet. The sling bullet closely misses Robin.
The goblin hits you with a +0 club.
You die...

... ..# ..# ..#
############.)#
#..........#.)#
######..........#g.##.##
)....+.........g@g......
.#.###.........g##....##
##.# #..........# #.##
##.# #.)........# # ##.#
#..%.......#
##.###..).......#
................+
.#.###........>.# .#.#
############


You could see Robin, a hobgoblin (strong) and 2 goblins.

Vanquished Creatures
  A water moccasin (D:3)
  4 adders
  3 dart slugs
  7 bats
  3 endoplasms
  2 giant cockroaches (D:1)
  10 goblins
  4 hobgoblins
  9 jackals (D:1)
  3 quokkas
  3 ball pythons
  3 frilled lizards
  6 kobolds
  7 rats
65 creatures vanquished.

Notes
Turn   | Place    | Note
-------+----------+-------------------------------------------
     0 | D:1      | qw the Gargoyle Hunter began the quest for the Orb.
     0 | D:1      | Reached XP level 1. HP: 12/12 MP: 1/1
     0 | D:1      | 0 ||| qw: Version: 0.2-a-29-g511e9b1
     0 | D:1      | 0 ||| qw: Game counter: 5262
     0 | D:1      | 0 ||| qw: Always use a shield: true
     0 | D:1      | 0 ||| qw: God list: Okawaru
     0 | D:1      | 0 ||| qw: Allow faded altars: false
     0 | D:1      | 0 ||| qw: Do Orc after D:15 true
     0 | D:1      | 0 ||| qw: Do second Lair branch before Depths: true
     0 | D:1      | 0 ||| qw: Lair rune preference: random
     0 | D:1      | 0 ||| qw: Plans: Normal, Zot:1-4, Slime:5, God:TSO, Crypt,
                  | Tomb, Abyss, Pan, Hells, Win
     0 | D:1      | 0 ||| PLANNING D:1-11
    99 | D:1      | Reached XP level 2. HP: 17/17 MP: 2/2
   127 | D:1      | 127 ||| FLEEEEING.
   129 | D:1      | 129 ||| FLEEEEING.
   561 | D:1      | Reached XP level 3. HP: 21/21 MP: 3/3
   564 | D:1      | Reached skill level 5 in Ranged Weapons
   810 | D:1      | Found a shimmering blue altar of Sif Muna.
   821 | D:1      | 821 ||| READING 3 scrolls labelled ULAETU FOUME AVOCK.
   822 | D:1      | 822 ||| READING scroll labelled ELAICL GEWUJOR.
   823 | D:1      | 823 ||| READING scroll labelled BABAAWK VAXT.
   824 | D:1      | 824 ||| READING scroll labelled YBBURA GYLIX.
   842 | D:1      | 842 ||| READING scroll labelled SYMYIKL UDOELI.
   843 | D:1      | 843 ||| READING 2 scrolls labelled TUCOMO KOSEP.
   844 | D:1      | 844 ||| DROPPING scroll of butterflies.
   845 | D:1      | 845 ||| DROPPING scroll of poison.
   884 | D:2      | Reached skill level 3 in Fighting
  1054 | D:2      | Reached XP level 4. HP: 27/28 MP: 4/4
  1125 | D:2      | 1125 ||| Stepping ~*~*~tactically~*~*~ (outnumbered).
  1127 | D:2      | 1127 ||| Stepping ~*~*~tactically~*~*~ (outnumbered).
  1129 | D:2      | 1129 ||| Stepping ~*~*~tactically~*~*~ (outnumbered).
  1132 | D:2      | 1132 ||| Stepping ~*~*~tactically~*~*~ (outnumbered).
  1660 | D:2      | 1660 ||| READING scroll labelled VOAXAS DIAN.
  1661 | D:2      | 1661 ||| READING scroll labelled ZUACIVVADGH.
  1664 | D:2      | 1664 ||| DRINKING 2 brown potions.
  1898 | D:3      | Identified the +2 sling of Joyful Slaughter {speed, rF+}
  1900 | D:3      | 1900 ||| UPGRADING to +2 sling of Joyful Slaughter {speed,
                  | rF+}.
  1910 | D:3      | Noticed a water moccasin
  1925 | D:3      | Killed a water moccasin
  1926 | D:3      | Reached skill level 6 in Ranged Weapons
  1926 | D:3      | Reached XP level 5. HP: 17/32 MP: 5/5
  2006 | D:3      | Noticed Robin
  2030 | D:3      | HP: 6/32 [goblin/+0 club[Robin] (5)]
  2030 | D:3      | HP: 2/32 [hobgoblin[Robin] (4)]
  2031 | D:3      | Slain by a goblin

Levels and vault maps discovered:
D:1:      dpeg_arrival_water_altar, layout_loops_cross, minmay_split_cup_large
D:2:      layout_basic
D:3:      layout_basic, uniq_robin

Skill      XL: |  1  2  3  4 |
---------------+-------------+-----
Ranged Weapons | 5 6 |  6.5
Fighting       | 3 |  3.2
Dodging        | |  1.5
Stealth        | |  1.1

Action                     |  1- 3 |  4- 6 || total
---------------------------+-------+-------++-------
   Fire: Shortbow          |   102 |    66 ||   168
         Sling             |       |    43 ||    43
    Use: Scroll            |     6 |     2 ||     8
         Potion            |       |     1 ||     1
 Armour: Leather armour    |    28 |    29 ||    57
  Dodge: Dodged            |    40 |    44 ||    84

Table legend:
 A = Non-vault XP
 B = Vault XP
 C = Vault XP percentage of total XP
 D = Non-vault monster count
 E = Vault monster count
 F = Vault count percentage of total count
                 A         B        C        D         E       F
            +---------+---------+-------+---------+---------+-------
      Total |     285 |      20 |   6.6 |      54 |      11 |  16.9
            +---------+---------+-------+---------+---------+-------
        D:1 |      49 |       6 |  10.9 |      29 |       4 |  12.1
        D:2 |      62 |       0 |   0.0 |      14 |       0 |   0.0
        D:3 |     174 |      14 |   7.4 |      11 |       7 |  38.9
            +---------+---------+-------+---------+---------+-------
